 Dungeon Crawl Stone Soup version 0.32-a0-593-g85ff8e36a1 (webtiles) character file.

Game seed: 15389574329005880781

8687 BeKind the Blocker (level 11, 0/67 HPs)
             Began as an Octopode Fighter on Mar 2, 2024.
             Was an Elder of Hepliaklqana.
             Slain by Erolcha
             ... wielding a +0 giant club
              (25 damage)
             ... on level 11 of the Dungeon.
             The game lasted 00:14:17 (9628 turns).

BeKind the Blocker (Octopode Fighter)               Turns: 9628, Time: 00:14:18

Health: 0/67       AC:  5    Str: 19    XL:     11   Next: 34%
Magic:  11/11      EV: 17    Int: 11    God:    Hepliaklqana [****..]
Gold:   696        SH:  6    Dex: 12    Spells: 9/10 levels left

rFire   + . .        u - +7 hand axe "Eviscerator" {drain, rElec rPois}
rCold   + . .        b - +0 buckler
rNeg    . . .        (helmet restricted)
rPois   +            w - amulet of regeneration
rElec   +            l - +4 ring of protection
rCorr   +            r - ring of resist corrosion
SInv    .            (no ring)
Will    .....        (no ring)
Stlth   ++           (no ring)
HPRegen 1.11/turn    (no ring)
MPRegen 0.12/turn    (no ring)
                     (no ring)

%: no passive effects
@: hasted and slowed
A: reduced essence, almost no armour, amphibious, 8 rings, camouflage 1,
gelatinous body 1, (nimble swimmer 1), tentacles, cold resistance 1, fire
resistance 1, electricity resistance
a: Renounce Religion, Recall Ancestor, Ancestor Identity, Transference, Idealise


You were on level 11 of the Dungeon.
You worshipped Hepliaklqana.
Hepliaklqana was greatly pleased with you.
You visited 1 branch of the dungeon, and saw 11 of its levels.

You collected 696 gold pieces.

Inventory:

Hand Weapons
 a - a +0 trident
 c - a +0 short sword
 u - the +7 hand axe "Eviscerator" (weapon) {drain, rElec rPois}
   (You found it on level 6 of the Dungeon)

   rElec:     It insulates you from electricity.
   rPois:     It protects you from poison.
 y - a +3 whip of distortion
Armour
 b - a +0 buckler (worn)
Jewellery
 l - a +4 ring of protection (left tentacle)
 o - a ring of positive energy
 r - a ring of resist corrosion (right tentacle)
 w - an amulet of regeneration (around mantle)
Wands
 m - a wand of mindburst (7)
 t - a wand of warping (8)
 x - a wand of polymorph (18)
 D - a wand of digging (8)
Scrolls
 d - 2 scrolls of identify
 e - 3 scrolls of vulnerability
 f - a scroll of torment
 h - 2 scrolls of enchant armour
 n - 2 scrolls of enchant weapon
 p - 4 scrolls of revelation
 q - a scroll of fog
 v - a scroll of poison
 z - a scroll of teleportation
 C - a scroll of fear {unknown}
 E - a scroll of butterflies {unknown}
Potions
 g - 4 potions of curing
 j - 3 potions of berserk rage
 k - a potion of cancellation
 s - 2 potions of heal wounds
 A - a potion of might
 B - a potion of mutation


   Skills:
 + Level 7.6 Fighting
 - Level 2.3(5.1) Axes
 + Level 7.2(7.4) Polearms
 * Level 10.5 Dodging
 * Level 10.5 Shields


You had 9 spell levels left.
You knew the following spells:

 Your Spells              Type           Power      Damage    Failure   Level
a - Summon Small Mammal   Summ           0%         N/A       38%         1

Your spell library contained the following spells:

 Spells                   Type           Power      Damage    Failure   Level
 Apportation              Tloc           0%         N/A       38%         1
 Necrotise                Necr           0%         1d4       38%         1
 Sting                    Conj/Alch      0%         1d3       38%         1
 Blink                    Tloc           0%         N/A       52%         2
 Ensorcelled Hibernation  Hex/Ice        0%         N/A       52%         2
 Lesser Beckoning         Tloc           0%         N/A       52%         2
 Momentum Strike          Conj/Tloc      0%         3d8       52%         2
 Fugue of the Fallen      Necr           0%         N/A       77%         3
 Ozocubu's Armour         Ice            0%         N/A       77%         3
 Anguish                  Hex/Necr       0%         N/A       99%         4
 Metabolic Englaciation   Hex/Ice        0%         N/A       100%        5
 Sculpt Simulacrum        Ice/Alch       0%         N/A       100%        6


Dungeon Overview and Level Annotations

Branches:
Dungeon (11/15)            Temple (0/1) D:5             Orc (0/2) D:9
   Lair: D:8-11

Altars:
Ashenzari
Cheibriados
Elyvilon
Hepliaklqana
Makhleb
Nemelex Xobeh
Okawaru
Qazlal
Ru
Sif Muna
Uskayaw
Vehumet
Wu Jian
Xom
Yredelemnul
The Shining One

Shops:
D:6 ?

Annotations:
D:11 Erolcha


Innate Abilities, Weirdness & Mutations

Your life essence is reduced to manifest your ancestor. (-10% HP)
You cannot wear most types of armour.
You are amphibious.
You can wear up to eight rings at the same time.
Your skin changes colour to match your surroundings (Stealth+).
Your rubbery body absorbs attacks. (AC +1, EV +1)
((You are camouflaged when in or above water. (Stealth+)))
You have tentacles for arms and can constrict up to eight enemies at once.
Your flesh is cold resistant. (rC+)
Your flesh is heat resistant. (rF+)
You are resistant to electric shocks. (rElec)


Message History

The lava snake spits lava at you. The glob of lava misses you.
Erolcha gestures wildly while chanting.
Erolcha flickers and vanishes!
Deactivating autopickup; reactivate with Ctrl-A.
Katillac points at Grum and mumbles some strange words.
The stone arrow hits Grum!
You hit Grum but do no damage. You drain Grum.
Grum is heavily wounded.
You constrict Grum. Grum barely misses you.
Something hits Katillac!!!
Katillac is destroyed!
You feel yourself speed up.
You constrict Grum.
Grum shouts, "Rover!
Good boy!"
Grum misses you.
A wraith comes into view.
You slash Grum! You drain Grum.
You kill Grum!
You barely miss something. The lava snake spits lava at you.
The glob of lava hits you! You partially resist. Something barely misses you.
Things that are here:
a -1 halberd; a +0 animal skin; the gnoll corpse of Grum You barely miss something.
You squeeze something.
You hear some strange, mumbled words.
The lava snake spits lava at you. The glob of lava hits you!
You partially resist. Something barely misses you.
You hit something but do no damage. You squeeze something.
You closely miss the lava snake. You completely miss the wraith.
The lava snake spits lava at you. You block the glob of lava.
The wraith hits you. The wraith drains your vigour!
You feel yourself slow down.
You miss something. You hit the lava snake. You closely miss the wraith.
Something completely misses you. The lava snake bites you.
You are engulfed in flames.
You resist. The wraith closely misses you.
You hit something. You squeeze something! You hit the wraith but do no damage.
You slash the lava snake! The lava snake barely misses you.
You block the wraith's attack. Something hits you!!
You die...
Hepliaklqana delivers you to your ancestors.

..... ........§§≈§§§.
..... ........≈≈§§≈§..
..... ........≈§≈≈≈§...
..... ........S≈§≈≈.....
.....
........................
..............).........
........................
......{@................
..≈≈≈≈SW................
..≈§≈§≈.)...............
..≈§≈≈≈.................
..≈§§§≈.................
..§§≈§≈.................
..§.....................
........[..............
.......................


You could see a wraith and 2 lava snakes.

Vanquished Creatures
  Pikel (D:3)
  Sigmund (D:5)
  9 yaks
  Grum (D:11)
  The ghost of bakla the Shooter, an amateur CoWn (D:4)
  3 steam dragons
  An acid dragon (D:9)
  Duvessa (D:4)
  2 water moccasins
  A black bear (D:7)
  A sky beast (D:8)
  2 orc warriors
  An ogre (D:5)
  2 wolves (D:11)
  3 centaurs
  4 phantoms
  3 kobold brigands
  2 bullfrogs
  A scorpion (D:7)
  2 gnoll sergeants
  4 wights
  Dowan (D:4)
  7 killer bees
  A howler monkey (D:7)
  3 bombardier beetles
  4 hounds
  2 orc priests
  A jelly (D:6)
  4 iguanas
  5 orc wizards
  Robin (D:4)
  10 gnolls
  11 adders
  3 dart slugs
  21 orcs
  3 bats
  4 endoplasms
  5 giant cockroaches
  5 hobgoblins
  3 quokkas
  5 ball pythons
  3 frilled lizards (D:2)
  17 goblins
  25 kobolds
  4 rats
194 creatures vanquished.

Vanquished Creatures (collateral kills)
  A troll (D:10)
  The ghost of TheBioAlchemist the Slasher, an amateur CoGl (D:5)
  A hornet (D:9)
  A wyvern (D:10)
  8 yaks
  An orc warrior (D:11)
  A kobold brigand (D:9)
  A bullfrog (D:7)
  5 killer bees
  A howler monkey (D:8)
  A bombardier beetle (D:7)
  4 orc wizards
  3 gnolls
  2 adders
  A shadow imp (D:7)
  6 orcs
  3 kobolds
41 creatures vanquished.

Vanquished Creatures (others)
  A battlemage (D:11)
  An orc wizard (D:9)
  An ancestor (D:6)
3 creatures vanquished.

Grand Total: 238 creatures vanquished

Notes
Turn   | Place    | Note
-------+----------+-------------------------------------------
     0 | D:1      | BeKind the Octopode Fighter began the quest for the Orb.
     0 | D:1      | Reached XP level 1. HP: 16/16 MP: 1/1
   161 | D:1      | Reached XP level 2. HP: 21/21 MP: 2/2
   293 | D:1      | You fall into a shaft and drop 1 floor!
   548 | D:2      | Reached XP level 3. HP: 26/26 MP: 3/3
   606 | D:2      | Learned a level 1 spell: Summon Small Mammal
  1092 | D:2      | Found a broken altar of Ashenzari.
  1121 | D:2      | Reached XP level 4. HP: 31/31 MP: 4/4
  1215 | D:3      | Found a hide-covered altar of Uskayaw.
  1234 | D:3      | Found an ornate altar of the Wu Jian Council.
  1262 | D:3      | Found a faded altar of an unknown god.
  1354 | D:3      | Found a shimmering altar of Xom.
  1866 | D:4      | Noticed Pikel
  1866 | D:4      | Noticed a lemure
  1866 | D:4      | Noticed a lemure
  1866 | D:4      | Noticed a lemure
  1887 | D:3      | Killed Pikel
  1888 | D:3      | Reached skill level 5 in Dodging
  1888 | D:3      | Reached skill level 5 in Shields
  1888 | D:3      | Reached XP level 5. HP: 24/37 MP: 5/5
  1888 | D:3      | Reached XP level 6. HP: 28/43 MP: 6/6
  1888 | D:3      | Reached XP level 7. HP: 32/48 MP: 7/7
  1923 | D:4      | Noticed Robin
  1929 | D:4      | Killed Robin
  2003 | D:4      | Found a hazy altar of Hepliaklqana.
  2048 | D:4      | Became a worshipper of Hepliaklqana the Forgotten
  2224 | D:4      | Noticed Duvessa
  2224 | D:4      | Noticed Dowan
  2547 | D:5      | Entered Level 5 of the Dungeon
  2730 | D:5      | Reached XP level 8. HP: 37/54 MP: 8/8
  2802 | D:4      | Killed Dowan
  2811 | D:4      | Killed Duvessa
  2985 | D:4      | Found a runed translucent door.
  3134 | D:4      | Noticed bakla's ghost (amateur CoWn)
  3137 | D:4      | Gained mutation: Your spells are a little easier to cast,
                  | but a little less powerful. [potion of mutation]
  3137 | D:4      | Gained mutation: Your flesh is cold resistant. (rC+)
                  | [potion of mutation]
  3137 | D:4      | Gained mutation: Your flesh is heat resistant. (rF+)
                  | [potion of mutation]
  3137 | D:4      | Gained mutation: You have hidden genetic potential. [potion
                  | of mutation]
  3153 | D:4      | Killed bakla's ghost
  3349 | D:5      | Reached * piety under Hepliaklqana
  3370 | D:5      | Reached skill level 5 in Fighting
  3371 | D:5      | Found a staircase to the Ecumenical Temple.
  3726 | D:5      | Noticed Sigmund
  3741 | D:5      | Killed Sigmund
  3833 | D:5      | Found a snail-covered altar of Cheibriados.
  3909 | D:5      | Found a burning altar of Makhleb.
  3920 | D:5      | Found a runed translucent gate.
  3921 | D:5      | Found a runed translucent gate.
  3922 | D:5      | Found a runed translucent gate.
  3922 | D:5      | Noticed TheBioAlchemist's ghost (amateur CoGl)
  3985 | D:6      | Reached XP level 9. HP: 41/54 MP: 9/9
  4084 | D:6      | Found Nined's Magic Scroll Shoppe.
  4100 | D:6      | Reached skill level 5 in Polearms
  4139 | D:6      | Found a white marble altar of Elyvilon.
  4180 | D:6      | Lost mutation: Your spells are a little easier to cast, but
                  | a little less powerful. [hidden potential]
  4470 | D:6      | Identified the +7 hand axe "Eviscerator" {drain, rElec
                  | rPois}
  4520 | D:6      | Found a sacrificial altar of Ru.
  5249 | D:7      | Reached skill level 1 in Axes
  5277 | D:7      | Reached ** piety under Hepliaklqana
  5279 | D:7      | Remembered your ancestor Katillac as a battlemage
  5375 | D:7      | Found an iron altar of Okawaru.
  5892 | D:5      | Killed TheBioAlchemist's ghost
  6095 | D:8      | Reached XP level 10. HP: 61/61 MP: 10/10
  6316 | D:8      | Identified the +7 flail of Guceusm {venom, rPois Str+2
                  | Dex+2}
  6382 | D:8      | Gained mutation: You are resistant to electric shocks.
                  | (rElec) [hidden potential]
  6382 | D:8      | Lost mutation: You have hidden genetic potential. [hidden
                  | potential expressed]
  7598 | D:9      | Reached *** piety under Hepliaklqana
  8006 | D:9      | Found a staircase to the Orcish Mines.
  8377 | D:9      | Found a stormy altar of Qazlal.
  8651 | D:10     | Entered Level 10 of the Dungeon
  8656 | D:10     | Found a basalt altar of Yredelemnul.
  8686 | D:10     | Reached skill level 10 in Shields
  8686 | D:10     | Reached XP level 11. HP: 40/67 MP: 11/11
  8687 | D:10     | Reached skill level 10 in Dodging
  8958 | D:10     | Found a radiant altar of Vehumet.
  8961 | D:10     | Found a glowing golden altar of the Shining One.
  8965 | D:10     | Found a shimmering blue altar of Sif Muna.
  9079 | D:10     | Found a sparkling altar of Nemelex Xobeh.
  9159 | D:10     | Reached **** piety under Hepliaklqana
  9608 | D:11     | Noticed Grum
  9611 | D:11     | Noticed Erolcha
  9619 | D:11     | Killed Grum
  9628 | D:11     | Slain by Erolcha

Illustrated notes

Levels and vault maps discovered:
D:1:      nicolae_arrival_memento_mori, layout_loops_ring
D:2:      layout_basic, basic_altar, minmay_cupped
D:3:      layout_loops_ring, mainiacjoe_overflow_tiny_flanked,
          old_standard_altar, lemuel_tele_altar, ebering_ecumenical_altar_rust,
          nrook_campfire
D:4:      layout_gridville, nicolae_hepliaklqana_hippocampus,
          ebering_ghost_reflecting_pool, uniq_robin, uniq_duvessa, uniq_pikel
D:5:      layout_rooms, mainiacjoe_overflow_alcove_1, chei_slow_surprise,
          minmay_temple_entry_large_hall, gammafunk_ghost_nasty_kobolds,
          wad_floor_pattern_untrapped, uniq_sigmund
D:6:      layout_cave_pools, elyvilon_altar_5, mainiacjoe_overflow_boulevard,
          serial_shops, shop
D:7:      layout_rooms, lemuel_doored_altar
D:8:      layout_gridville, minivault_19
D:9:      minmay_octagon_keep, layout_basic, nicolae_qazlal_eye_of_the_storm,
          orc_0_dummy
D:10:     layout_irregular_city, mainiacjoe_overflow_surrounded_room,
          mainiacjoe_overflow_six_doors_small, grunt_temple_overflow_diamond
D:11:     layout_big_octagon, lair_entry_dummy, uniq_grum, uniq_erolcha

Skill      XL: |  1  2  3  4  5  6  7  8  9 10 11 |
---------------+----------------------------------+-----
Fighting       | 4 5 6 7 |  7.6
Polearms       | 3 4 5 6 7 |  7.2
Dodging        | 5 7 8 9 10 | 10.5
Shields        | 5 7 8 10 | 10.5
Axes           | 2 |  2.3

Action                     |  1- 3 |  4- 6 |  7- 9 | 10-12 || total
---------------------------+-------+-------+-------+-------++-------
  Melee: Trident           |    67 |    38 |   245 |       ||   350
         Tentacles         |     9 |     4 |    57 |    40 ||   110
         Constrict         |    11 |     8 |    50 |    19 ||    88
         Hand axe          |       |       |    37 |   150 ||   187
 Invoke: Ancestor Life: Ba |       |       |     1 |       ||     1
         Ancestor Identity |       |       |     1 |       ||     1
    Use: Scroll            |       |       |    10 |     3 ||    13
         Potion            |       |       |     3 |     2 ||     5
   Stab: Sleeping          |    11 |     3 |     6 |       ||    20
         Distracted        |       |       |     2 |       ||     2
 Armour: Skin              |    21 |    18 |   111 |    90 ||   240
  Dodge: Dodged            |    17 |    12 |   130 |   142 ||   301
  Block: Buckler           |     6 |     8 |    45 |    55 ||   114

Table legend: (Time is in decaauts)
 A = Elapsed time spent in this place.
 B = Non-inter-level travel time spent in this place.
 C = Inter-level travel time spent in this place.
 D = Time resting spent in this place.
 E = Time spent auto-exploring this place.
 F = Levels seen in this place.
 G = Mean time per level.
                   A        B        C        D        E       F      G
               +--------+--------+--------+--------+--------+-----+--------+
         Total |   9703 |   8668 |   1035 |    899 |   6379 |  11 |  882.1 |
       Dungeon |   9703 |   8668 |   1035 |    899 |   6379 |  11 |  882.1 |
               +--------+--------+--------+--------+--------+-----+--------+

Top non-repeatable levels by time:
     D:9: 1578 daAuts
     D:4: 1393 daAuts
     D:6: 1218 daAuts
     D:8: 1083 daAuts
     D:5: 917 daAuts
     D:2: 869 daAuts
    D:10: 851 daAuts
     D:3: 757 daAuts
     D:7: 606 daAuts
     D:1: 299 daAuts
    D:11: 127 daAuts
